 Dungeon Crawl Stone Soup version 0.30.1 (webtiles) character file.

Game seed: 14590409635880711100

9675 BreadTh the Geomancer (level 11, -2/52 HPs)
             Began as a Spriggan Earth Elementalist on July 6, 2023.
             Was an Initiate of Gozag.
             Slain by an orc warrior
             ... wielding a +0 dire flail
              (4 damage)
             ... while petrified by a basilisk
             ... on level 10 of the Dungeon.
             The game lasted 00:39:53 (8589 turns).

BreadTh the Geomancer (Spriggan Earth Elementalist) Turns: 8589, Time: 00:39:54

Health: -2/52      AC:  7    Str:  7    XL:     11   Next: 26%
Magic:  17/26      EV:  4    Int: 24    God:    Gozag
Gold:   1778       SH:  0    Dex: 16    Spells: 21/31 levels left

rFire   . . .        q - +2 dagger (venom)
rCold   . . .        (no shield)
rNeg    + + +        N - +0 robe {Archmagi}
rPois   ∞            (helmet restricted)
rElec   .            u - +0 cloak
rCorr   .            (gloves unavailable)
SInv    +            (boots unavailable)
Will    +....        (no amulet)
Stlth   +++          h - +4 ring of protection
HPRegen 0.28/turn    k - ring of Reimbursement {EV+5 Str+3 Int+3}
MPRegen 0.20/turn

%: archmagi
@: petrified, very quick
A: very small, no large weapons, unfitting armour, see invisible, speed 3
a: Renounce Religion, Potion Petition, Call Merchant, Bribe Branch


You were on level 10 of the Dungeon.
You worshipped Gozag.
Gozag was most pleased with you.
You visited 2 branches of the dungeon, and saw 11 of its levels.
You also visited: Ossuary.

You collected 1848 gold pieces.
You paid 70 gold pieces to Gozag.

Inventory:

Hand Weapons
 q - a +2 dagger of venom (weapon)
 w - a +2 dagger of speed
 A - a +4 dagger
 B - a +2 dagger of protection
 G - a +2 antimagic war axe
 I - a +4 spear of freezing
 M - a +0 dagger of speed
 S - a +3 spear of venom
Missiles
 f - 94 stones
 y - 18 poisoned darts
 Q - a curare-tipped dart
Armour
 u - a +0 cloak (worn)
 N - a +0 robe of the Archmagi (worn)
Jewellery
 h - a +4 ring of protection (left hand)
 k - the ring of Reimbursement (right hand) {EV+5 Str+3 Int+3}
   (You found it on level 2 of the Dungeon)

   [ring of evasion]

   EV:        It affects your evasion (+5).
   Str:       It affects your strength (+3).
   Int:       It affects your intelligence (+3).
 t - a ring of protection from fire
 P - an amulet of faith
Wands
 a - a wand of digging (13)
 x - a wand of flame (48)
Scrolls
 e - 10 scrolls of identify
 i - 5 scrolls of poison
 j - a scroll of magic mapping
 l - 5 scrolls of immolation {unknown}
 m - 2 scrolls of blinking {unknown}
 n - a scroll of fear
 s - 2 scrolls of teleportation {unknown}
 v - a scroll of vulnerability {unknown}
 C - a scroll of enchant weapon
 F - a scroll of silence {unknown}
 H - a scroll of enchant armour {unknown}
 K - a scroll of noise {unknown}
 L - 3 scrolls of fog {unknown}
 O - a scroll of amnesia {unknown}
Potions
 b - 2 potions of magic
 c - 4 potions of heal wounds
 d - 2 potions of resistance {unknown}
 g - a potion of haste {unknown}
 o - 4 potions of invisibility {unknown}
 p - 5 potions of flight
 r - 4 potions of lignification {unknown}
 z - a potion of degeneration {unknown}
 D - 3 potions of curing {unknown}
 E - 3 potions of mutation {unknown}
 J - a potion of brilliance {unknown}
Miscellaneous
 R - a lightning rod (4/4)


   Skills:
 + Level 3.5 Fighting
 + Level 6.0 Dodging
 - Level 5.0 Stealth
 + Level 10.7 Spellcasting
 + Level 3.2 Conjurations
 + Level 9.2 Transmutations
 + Level 10.8 Earth Magic


You had 21 spell levels left.
You knew the following spells:

 Your Spells              Type           Power      Damage    Failure   Level
a - Sandblast             Erth           100%       2d20      1%          1
b - Passwall              Tmut/Erth      62%        N/A       1%          2
c - Petrify               Tmut/Erth      75%        N/A       1%          4
d - Stone Arrow           Conj/Erth      100%       3d13      1%          3

Your spell library contained the following spells:

 Spells                   Type           Power      Damage    Failure   Level
 Sting                    Tmut/Pois      100%       1d8       1%          1
 Foxfire                  Conj/Fire      100%       2x1d9     2%          1
 Apportation              Tloc           38%        N/A       4%          1
 Necrotise                Necr           76%        1d7       4%          1
 Summon Small Mammal      Summ           76%        N/A       4%          1
 Lesser Beckoning         Tloc           38%        N/A       8%          2
 Poisonous Vapours        Pois/Air       38%        N/A       8%          2
 Gell's Gravitas          Tloc           19%        N/A       14%         3
 Inner Flame              Hex/Fire       19%        N/A       14%         3
 Teleport Other           Tloc           19%        N/A       14%         3
 Yara's Violent Unravell  Hex/Tmut       25%        3d11      21%         5
 Iskenderun's Battlesphe  Conj           42%        2d9       36%         5
 Iron Shot                Conj/Erth      31%        9d6       38%         6
 Olgreb's Toxic Radiance  Pois           19%        N/A       43%         4
 Fireball                 Conj/Fire      15%        3d8       56%         5
 Starburst                Conj/Fire      15%        6d6       98%         6
 Plasma Beam              Fire/Air       9%         2x1d22    100%        6
 Enfeeble                 Hex            9%         N/A       100%        7
 Spellforged Servitor     Conj/Summ      15%        N/A       100%        7


Dungeon Overview and Level Annotations

Branches:
Dungeon (10/15)            Temple (1/1) D:4            Lair (0/5) D:8
Ossuary (visited)
    Orc: D:9-12

Altars:
Ashenzari
Cheibriados
Dithmenos
Elyvilon
Fedhas
Gozag
Hepliaklqana
Kikubaaqudgha
Makhleb
Okawaru
Qazlal
Ru
Sif Muna
Trog
Uskayaw
Vehumet
Wu Jian
Xom
Yredelemnul
Zin

Shops:
D:1 :

Annotations:
D:6 2 transporters, minivault
D:8 1 runed translucent door, minivault


Innate Abilities, Weirdness & Mutations

You are very small and have problems with some larger weapons.
You are too small for most types of armour.
You have supernaturally acute eyesight. (SInv)
You cover ground extremely quickly. (Speed+++)


Message History

The basilisk hisses angrily.
The basilisk gazes at you.
You are slowing down.
Casting: Petrify (dangerous; 1% risk of failure)
Confirm with . or Enter, or press ? or * to list all spells.
Okay, then.
Casting: Petrify (dangerous; 1% risk of failure)
Confirm with . or Enter, or press ? or * to list all spells.
Aiming: Petrify (dangerous; 1% risk of failure)
Press: ? - help, Shift-Dir - straight line, f - basilisk, p - cyclops
Aim: a basilisk (chance to affect: 80%)
You feel a surge of power!
The basilisk is moving more slowly.
The orc warrior shouts!
Your limbs are stiffening.
Casting: Petrify (dangerous; 1% risk of failure)
Confirm with . or Enter, or press ? or * to list all spells.
Aiming: Petrify (dangerous; 1% risk of failure)
Press: ? - help, Shift-Dir - straight line, f - orc warrior, p - basilisk
Aim: an orc warrior, wielding a +0 dire flail and wearing a +0 plate armour (chance to affect: 80%)
You feel a surge of power!
The orc warrior barely resists.
The cyclops is no longer petrified.
The cyclops completely misses you.
You have turned to stone.
The basilisk gazes at you. You resist with almost no effort.
The basilisk stops moving altogether!
The cyclops hits you!!
* * * LOW HITPOINT WARNING * * *
The orc warrior hits you with a +0 dire flail!
* * * LOW HITPOINT WARNING * * *
The cyclops barely misses you.
The orc warrior hits you but does no damage.
The orc warrior hits you with a +0 dire flail.
* * * LOW HITPOINT WARNING * * *
The cyclops hits you.
* * * LOW HITPOINT WARNING * * *
The orc warrior hits you with a +0 dire flail.
* * * LOW HITPOINT WARNING * * *
The cyclops hits you.
The orc warrior hits you with a +0 dire flail!
You die...
Your body crumbles into a pile of gold.

.#######..#
#.........
#........
#.......#
#....l..#
#.......#
#..C.o..#
#...@...####
#.......#..
#......!+.#
#.......#.# ♣♣♣
#..........# ♣#
... #..♣....[#.#
♣.# .~.
#.♣......#.#♣ ♣.♣#
...
#........#.#.♣.♣.#
...
##.........#♣.♣.♣
...


You could see a cyclops, a basilisk (petrified) and an orc warrior.

Vanquished Creatures
  A hydra (D:10)
  A two-headed ogre (D:9)
  An unseen horror (D:10)
  Maggie (D:9)
  Prince Ribbit (D:5)
  A hornet (D:8)
  19 yaks
  2 wyverns
  A basilisk (D:10)
  2 water moccasins
  3 ice beasts
  3 orc warriors
  A hornet zombie (D:5)
  3 black bears
  3 centaurs
  2 phantoms
  4 kobold brigands
  A bullfrog (D:8)
  2 gnoll sergeants (D:10)
  14 wights
  18 killer bees
  A howler monkey (D:5)
  A centaur zombie (D:5)
  2 orc priests
  3 hounds (D:6)
  A jelly (D:6)
  A gnoll bouda (D:3)
  A scorpion zombie (D:5)
  4 iguanas
  5 orc wizards
  Natasha (thrice) (D:3)
  2 hound zombies (D:5)
  3 mummies (Ossuary)
  9 adders
  6 gnolls (D:3)
  4 shadow imps
  A white imp (D:7)
  An ufetubus (D:4)
  4 adder zombies (Ossuary)
  3 worms
  15 orcs
  6 bats
  11 endoplasms
  7 giant cockroaches
  3 gnoll zombies (Ossuary)
  8 goblins
  8 hobgoblins
  7 jackals
  A quokka (D:4)
  7 ball pythons
  7 frilled lizards
  2 hobgoblin zombies (Ossuary)
  11 kobolds
  3 kobold zombies (Ossuary)
  6 quokka zombies (Ossuary)
  7 rats
248 creatures vanquished.

Notes
Turn   | Place    | Note
-------+----------+-------------------------------------------
     0 | D:1      | BreadTh the Spriggan Earth Elementalist began the quest for
                  | the Orb.
     0 | D:1      | Reached XP level 1. HP: 9/9 MP: 5/5
   113 | D:1      | You fall into a shaft and drop 1 floor!
   280 | D:2      | Reached XP level 2. HP: 13/13 MP: 3/6
   422 | D:2      | Reached XP level 3. HP: 16/16 MP: 2/8
   729 | D:1      | Found Onoskarhu's Book Emporium.
  1137 | D:2      | Reached XP level 4. HP: 21/21 MP: 7/10
  1234 | D:2      | Learned a level 2 spell: Passwall
  1239 | D:2      | Learned a level 4 spell: Petrify
  1243 | D:2      | Learned a level 3 spell: Stone Arrow
  1382 | D:2      | Identified the ring of Reimbursement {EV+5 Str+3 Int+3}
  1686 | D:3      | Found a faded altar of an unknown god.
  1895 | D:3      | Noticed Natasha
  1935 | D:3      | Reached XP level 5. HP: 24/24 MP: 6/12
  1941 | D:3      | Killed Natasha
  1983 | D:3      | Noticed Natasha
  1988 | D:3      | Killed Natasha
  2030 | D:3      | Noticed Natasha
  2036 | D:3      | Killed Natasha
  2091 | D:3      | Found a faded altar of an unknown god.
  2117 | D:3      | Reached XP level 6. HP: 28/28 MP: 8/13
  2573 | D:4      | Reached skill level 5 in Earth Magic
  2776 | D:4      | Found a staircase to the Ecumenical Temple.
  2787 | Temple   | Entered the Ecumenical Temple
  2904 | Temple   | Became a worshipper of Ru the Awakened
  2905 | Temple   | Fell from the grace of Ru
  2916 | Temple   | Became a worshipper of Gozag Ym Sagoz the Greedy
  3264 | D:5      | Entered Level 5 of the Dungeon
  3296 | D:5      | Reached skill level 5 in Spellcasting
  3370 | D:5      | Reached XP level 7. HP: 32/32 MP: 12/15
  3474 | D:5      | Noticed Prince Ribbit
  3479 | D:5      | Killed Prince Ribbit
  3480 | D:5      | Reached skill level 5 in Transmutations
  3863 | D:5      | Found a basalt altar of Yredelemnul.
  3883 | D:5      | Reached XP level 8. HP: 35/36 MP: 7/18
  4195 | D:6      | Found a sand-covered staircase.
  4200 | Ossuary  | Entered an ossuary
  4516 | D:6      | Noticed a troll
  4517 | D:6      | Found a radiant altar of Vehumet.
  4517 | D:6      | Found a transporter.
  4538 | D:6      | Found a transporter.
  4862 | D:6      | Reached XP level 9. HP: 39/39 MP: 16/22
  5974 | D:7      | Found a snail-covered altar of Cheibriados.
  6252 | D:8      | Found a stormy altar of Qazlal.
  6356 | D:8      | Reached skill level 10 in Earth Magic
  6515 | D:8      | Reached skill level 1 in Fighting
  6661 | D:8      | Reached skill level 1 in Conjurations
  6662 | D:8      | Reached XP level 10. HP: 45/45 MP: 19/24
  6979 | D:8      | Found a staircase to the Lair.
  7158 | D:8      | Found a runed translucent door.
  7159 | D:8      | Noticed a purple ugly thing
  7406 | D:9      | Noticed a two-headed ogre
  7419 | D:9      | Killed a two-headed ogre
  7502 | D:9      | Reached skill level 5 in Stealth
  7502 | D:9      | Reached skill level 10 in Spellcasting
  7733 | D:9      | Noticed Maggie
  7810 | D:9      | Killed Maggie
  7919 | D:9      | Found an iron altar of Okawaru.
  7938 | D:10     | Entered Level 10 of the Dungeon
  7942 | D:10     | Noticed an eight-headed hydra
  7944 | D:10     | Noticed a two-headed ogre
  8017 | D:10     | Reached skill level 5 in Dodging
  8153 | D:10     | Killed an eight-headed hydra
  8177 | D:10     | Reached XP level 11. HP: 52/52 MP: 22/26
  8588 | D:10     | HP: 2/52 [orc warrior/+0 dire flail (1)]
  8589 | D:10     | Slain by an orc warrior

Illustrated notes

Levels and vault maps discovered:
D:1:      elethiomel_arrival_infinity_welcomes_careful_drivers, layout_basic,
          serial_shops, shop, grunt_decor_fettered
D:2:      layout_loops_cross
D:3:      layout_rooms, nicolae_overflow_ecumenical_swirl,
          ebering_ecumenical_altar_petrified, nicolae_grassy_gnolls,
          uniq_natasha
D:4:      layout_basic, minmay_temple_entry_junction, st_stairs_3,
          kennysheep_generic_room_2
D:5:      layout_basic, nicolae_yredelemnul_corpse_copse, uniq_prince_ribbit1
D:6:      layout_basic, gammafunk_temple_overflow_arena,
          nicolae_ossuary_entry_plus
D:7:      layout_layer_cave, cheibrodos_worm_habitat,
          chequers_serial_rivers_micro_d
D:8:      layout_rooms, mainiacjoe_overflow_brackets, lair_entry_dummy,
          wad_hexagon
D:9:      layout_cave_pools, lemuel_doored_altar, uniq_maggie
D:10:     nzn_winding_woodlands_cross [nzn_winding_woodlands_5x15_pool,
          nzn_winding_woodlands_5x15_cabin,
          nzn_winding_woodlands_5x15_river_crossing,
          nzn_winding_woodlands_5x15_split_checker,
          nzn_winding_woodlands_15x15_five_gardens], layout_gridville,
          general_overflow_altar, chequers_mini_garden
Temple:   nicolae_temple_superstar

Skill      XL: |  1  2  3  4  5  6  7  8  9 10 11 |
---------------+----------------------------------+-----
Dodging        | 3 5 6 |  6.0
Earth Magic    | 3 4 5 7 8 10 | 10.8
Spellcasting   | 3 4 5 6 8 9 10 | 10.7
Transmutations | 2 3 4 5 7 8 9 |  9.2
Fighting       | 1 3 |  3.5
Conjurations   | 1 2 3 |  3.2
Stealth        | 5 |  5.0

Action                     |  1- 3 |  4- 6 |  7- 9 | 10-12 || total
---------------------------+-------+-------+-------+-------++-------
  Melee: Dagger            |     5 |    12 |     6 |     8 ||    31
         Punch             |       |     1 |     1 |       ||     2
   Cast: Sandblast         |    43 |    85 |   175 |   154 ||   457
         Stone Arrow       |       |       |     1 |     4 ||     5
         Passwall          |       |       |       |     1 ||     1
         Petrify           |       |       |       |     4 ||     4
 Invoke: Renounce Religion |       |     1 |       |       ||     1
    Use: Scroll            |       |       |     5 |     1 ||     6
   Stab: Sleeping          |     1 |     1 |     1 |       ||     3
         Petrified         |       |       |       |     2 ||     2
 Armour: Robe              |       |     6 |    11 |    12 ||    29
  Dodge: Dodged            |     8 |    21 |    80 |   124 ||   233
